 Dungeon Crawl Stone Soup version 0.29.0-4-gdea44cf6ec (webtiles) character file.

Game seed: 13752361966597489182

6 qw the Sneak (level 1, 0/14 HPs)
             Began as a Gargoyle Delver on Sept 10, 2022.
             Slain by an orc wizard
             ... wielding a +0 dagger
              (3 damage)
             ... on level 5 of the Dungeon.
             The game lasted 00:00:03 (56 turns).

qw the Sneak (Gargoyle Delver)                        Turns: 56, Time: 00:00:04

Health: 0/14       AC:  5    Str: 15    XL:     1   Next: 90%
Magic:  1/1        EV: 11    Int: 10    God:
Gold:   0          SH:  0    Dex: 11    Spells: 0/0 levels left

rFire   . . .      SeeInvis .   a - +0 hand axe
rCold   . . .      Faith    .   (no shield)
rNeg    + . .      Spirit   .   b - +0 leather armour
rPois   inf        Reflect  .   (no helmet)
rElec   +          Harm     .   (no cloak)
rCorr   .          Rampage  .   (no gloves)
Will    .....                   (no boots)
Stlth   +++.......              (no amulet)
HPRegen 0.04/turn               (no ring)
MPRegen 0.07/turn               (no ring)

@: no status effects
A: sickness immunity, AC +2, negative energy resistance 1, electricity
resistance, torment resistance 1, petrification resistance
a: no special abilities


You were on level 5 of the Dungeon.
You visited 1 branch of the dungeon, and saw 1 of its levels.


Innate Abilities, Weirdness & Mutations

You are immune to sickness and miasma.
Your stone body is resilient. (AC +2)
You are immune to poison.
You resist negative energy. (rN+)
You are resistant to electric shocks. (rElec)
You are resistant to unholy torment.
You are immune to petrification.


   Skills:
 - Level 3.2 Fighting
 + Level 2.3 Axes
 - Level 1.5 Dodging
 - Level 5.4 Stealth


You couldn't memorise any spells.
You didn't know any spells.
Your spell library was empty.

Inventory:

Hand Weapons
 a - a +0 hand axe (weapon)
 i - a +0 club
Armour
 b - a +0 leather armour (worn)
Wands
 g - a wand of digging (3)
Scrolls
 c - a scroll of fog
 d - a scroll of magic mapping
 e - a scroll of fear
Potions
 f - a potion of haste
 h - a potion of might {unknown}

Dungeon Overview and Level Annotations

Branches:
Dungeon (5/15)
 Temple: D:4-7

Altars:


Message History

You kill the orc!
Your Axes skill increases to level 2!
i - a +0 club An orc comes into view.
It is wielding a +1 hand axe of electrocution.
You see here a +0 ring mail.
The orc shouts!
You hear a shout!
An orc comes into view. It is wielding a +0 dagger.
A white imp comes into view.
46 ||| Stepping ~*~*~tactically~*~*~ (stealth).
You hit the orc.
The orc is lightly wounded.
The orc hits you with a +1 hand axe of electrocution.
You closely miss the orc.
The orc is lightly wounded.
The orc hits you with a +1 hand axe of electrocution.
An orc wizard comes into view. It is wielding a +0 dagger.
The orc hits you but does no damage.
The orc hits you with a +1 hand axe of electrocution.
49 ||| Stepping ~*~*~tactically~*~*~ (hiding).
You hear the slow rusting of a drain nearby.
50 ||| Stepping ~*~*~tactically~*~*~ (hiding).
You hit the orc.
The orc is moderately wounded.
You hit the orc. The orc hits you but does no damage.
The orc barely misses you.
You slash the orc!
You kill the orc!
You hit the orc. The orc hits you but does no damage.
You hit the orc.
You kill the orc!
The orc wizard hits you with a +0 dagger.
Things that are here:
a +0 dagger; a +0 leather armour; an orc corpse You hit the orc wizard but do no damage.
The orc wizard closely misses you.
You hit the orc wizard.
The orc wizard is moderately wounded.
The orc wizard hits you with a +0 dagger.
You die...

#...#.# #...#.##5
........ ....
#.....# .... #.....
#....####.#.#
#...........#
#........[o.#
###...##..##@)#
.....##..##..#.#
#..##........#
..#####.....###..#.#
.................#.#
.........######..# #
P ######..######..#
~ #................
~ #.####...<........


You could see an orc wizard.

Vanquished Creatures
  3 orcs (D:5)
3 creatures vanquished.

Notes
Turn   | Place    | Note
-------+----------+-------------------------------------------
     0 | D:5      | qw the Gargoyle Delver began the quest for the Orb.
     0 | D:5      | Reached XP level 1. HP: 14/14 MP: 1/1
     0 | D:5      | 0 ||| qw: Version: 0.1-a-116-g5d60599
     0 | D:5      | 0 ||| qw: Game counter: 8402
     0 | D:5      | 0 ||| qw: Always use a shield: true
     0 | D:5      | 0 ||| qw: God list: Okawaru
     0 | D:5      | 0 ||| qw: Allow faded altars: false
     0 | D:5      | 0 ||| qw: Do Orc after D:15 true
     0 | D:5      | 0 ||| qw: Do second Lair branch before Depths: true
     0 | D:5      | 0 ||| qw: Lair rune preference: random
     0 | D:5      | 0 ||| qw: Plans: Normal
     0 | D:5      | 0 ||| PLANNING D:1-11
    46 | D:5      | 46 ||| Stepping ~*~*~tactically~*~*~ (stealth).
    48 | D:5      | Noticed an orc wizard
    49 | D:5      | 49 ||| Stepping ~*~*~tactically~*~*~ (hiding).
    50 | D:5      | 50 ||| Stepping ~*~*~tactically~*~*~ (hiding).
    54 | D:5      | HP: 3/14 [orc wizard/+0 dagger (1)]
    56 | D:5      | Slain by an orc wizard

Levels and vault maps discovered:
D:5:      layout_basic, lemuel_tele_altar, ashenzari_conservatory_becter,
          mainiacjoe_overflow_big_doors, temple_statues,
          lightli_sewer_entry_pipes, serial_bayou_ford_a,
          uniq_crazy_yiuf_cottage, uniq_edmund, uniq_sigmund

Skill      XL: |  1 |
---------------+----+-----
Axes           | 2 |  2.3
Fighting       | |  3.2
Dodging        | |  1.5
Stealth        | |  5.4

Action                   || total
-------------------------++-------
Melee: Hand axe          ||    10
Armor: Leather armour    ||     3
Dodge: Dodged            ||     4

Table legend:
 A = Non-vault XP
 B = Vault XP
 C = Vault XP percentage of total XP
 D = Non-vault monster count
 E = Vault monster count
 F = Vault count percentage of total count
                 A         B        C        D         E       F
            +---------+---------+-------+---------+---------+-------
      Total |       9 |       0 |   0.0 |       3 |       0 |   0.0
            +---------+---------+-------+---------+---------+-------
        D:5 |       9 |       0 |   0.0 |       3 |       0 |   0.0
            +---------+---------+-------+---------+---------+-------
